 Dungeon Crawl Stone Soup version 0.31.0-32-g396128a36d (webtiles) character file.

Game seed: 17061403820607197047

58 cdecastro the Grasshopper (level 3, -4/29 HPs)
             Began as an Armataur Warper on Mar 19, 2024.
             Was a Follower of Makhleb.
             Slain by a ribbon worm (7 damage)
             ... on level 2 of the Dungeon.
             The game lasted 00:02:17 (1353 turns).

cdecastro the Grasshopper (Armataur Warper)         Turns: 1353, Time: 00:02:18

Health: -4/29      AC:  6    Str: 16    XL:     3   Next: 75%
Magic:  5/5        EV:  7    Int: 15    God:    Makhleb [*.....]
Gold:   68         SH:  0    Dex:  9    Spells: 5/5 levels left

rFire   . . .        a - +0 mace
rCold   . . .        (no shield)
rNeg    . . .        h - +0 scale mail
rPois   .            (no helmet)
rElec   .            (no cloak)
rCorr   .            (no gloves)
SInv    .            (no barding)
Will    .....        (no amulet) Stlth
                     (no ring)
HPRegen 0.24/turn    (no ring)
MPRegen 0.09/turn

%: roll
@: no status effects
A: large, deformed body, tough skin 3, armoured tail, roll 1
a: Renounce Religion


You were on level 2 of the Dungeon.
You worshipped Makhleb.
Makhleb was aware of your devotion.
You visited 1 branch of the dungeon, and saw 2 of its levels.

You collected 68 gold pieces.

Inventory:

Hand Weapons
 a - a +0 mace (weapon)
Missiles
 d - 7 darts of dispersal (quivered)
Armour
 b - a +0 leather armour
 h - a +0 scale mail (worn)
Jewellery
 k - a ring of protection from fire
Scrolls
 c - a scroll of blinking
 e - a scroll of poison {unknown}
 f - a scroll of fear {unknown}
 g - a scroll of enchant weapon {unknown}
 i - 2 scrolls of silence {unknown}
 j - a scroll of fog {unknown}
 l - a scroll of identify {unknown}
Potions
 m - a potion of heal wounds {unknown}


   Skills:
 - Level 1.7 Fighting
 * Level 3.2 Maces & Flails
 - Level 0.8 Throwing
 - Level 1.2 Armour
 - Level 1.3 Dodging
 - Level 1.7 Spellcasting
 + Level 3.6 Translocations


You had 5 spell levels left.
You didn't know any spells.
Your spell library contained the following spells:

 Spells                   Type           Power      Damage    Failure   Level
 Blink                    Tloc           24%        N/A       28%         2
 Lesser Beckoning         Tloc           24%        N/A       28%         2
 Teleport Other           Tloc           12%        N/A       50%         3
 Summon Small Mammal      Summ           4%         N/A       63%         1
 Manifold Assault         Tloc           12%        N/A       88%         4
 Call Canine Familiar     Summ           1%         N/A       94%         3
 Vhi's Electric Charge    Tloc/Air       12%        N/A       98%         4
 Summon Blazeheart Golem  Fire/Summ      1%         N/A       100%        4


Dungeon Overview and Level Annotations

Branches:
Dungeon (2/15)

Altars:
Makhleb


Innate Abilities, Weirdness & Mutations

Armour fits poorly on your strangely shaped body.
You have extremely tough skin. (AC +3)
You have a long armoured tail.
You regenerate magic when rolling toward enemies. (Rampage MPRegen)


Message History

You closely miss the adder.
The adder bites you but does no damage. x2
The ribbon worm expels a string of sticky webbing.
The stream of webbing hits you but does no damage.
You are caught in a web!
The web tears apart.
The adder bites you.
You miss the adder. The adder bites you. x2
* * * LOW HITPOINT WARNING * * *
You barely miss the adder. The ribbon worm barely misses you.
The adder bites you.
* * * LOW HITPOINT WARNING * * *
The adder bites you but does no damage. The ribbon worm bites you.
* * * LOW HITPOINT WARNING * * *
You hit the adder.
The adder is moderately wounded.
The adder bites you but does no damage.
The ribbon worm expels a string of sticky webbing.
The stream of webbing misses you.
You hit the adder.
Your tail-slap misses the adder.
The adder is heavily wounded.
The adder barely misses you. The adder bites you.
* * * LOW HITPOINT WARNING * * *
The ribbon worm bites you but does no damage.
You closely miss the adder.
The adder is heavily wounded.
The adder bites you but does no damage. The ribbon worm bites you.
* * * LOW HITPOINT WARNING * * *
You barely miss the adder.
The adder is heavily wounded.
The adder barely misses you. x2; The ribbon worm bites you.
* * * LOW HITPOINT WARNING * * *
You barely miss the adder.
The adder is heavily wounded.
The adder bites you but does no damage.
The ribbon worm bites you but does no damage.
The adder bites you.
* * * LOW HITPOINT WARNING * * *
You hit the adder.
The adder is heavily wounded.
The adder barely misses you. The ribbon worm bites you!
You die...

........##.#
..#######.##.#
.....# #.##.# ..#.#
#.##.# ..#.# #.##.#
#.#.# #.##.#
#.#.####.##.#
#.#w#......##.#
#..S@..######.###
#.......#.......#
#.......#.....#.#
#.........#######.#
#.................#
#.......#.######..#
#....?..#.. #..#
#.......#.## #..#
#..#


You could see a ribbon worm and an adder.

Vanquished Creatures
  2 gnolls (D:1)
  A dart slug (D:1)
  A ribbon worm (D:2)
  5 ball pythons
  4 bats
  3 endoplasms (D:1)
  A hobgoblin (D:1)
  3 jackals (D:1)
  4 quokkas
  4 frilled lizards
  4 kobolds
  A rat (D:1)
33 creatures vanquished.

Notes
Turn   | Place    | Note
-------+----------+-------------------------------------------
     0 | D:1      | cdecastro the Armataur Warper began the quest for the Orb.
     0 | D:1      | Reached XP level 1. HP: 17/17 MP: 3/3
   171 | D:1      | Reached XP level 2. HP: 18/24 MP: 4/4
   298 | D:1      | Found a faded altar of an unknown god.
   319 | D:1      | Prayed at the altar of an unknown god.
   319 | D:1      | Became a worshipper of Makhleb the Destroyer
   319 | D:1      | Reached * piety under Makhleb
   798 | D:1      | Reached XP level 3. HP: 29/29 MP: 5/5
  1353 | D:2      | Slain by a ribbon worm

Illustrated notes

Levels and vault maps discovered:
D:1:      matt_arrival_grand_opening, layout_basic,
          shapermc_ecumenical_altar_totnotflames, chequers_avenue
D:2:      layout_basic

Skill      XL: |  1  2  3 |
---------------+----------+-----
Maces & Flails | 2 3 |  3.2
Fighting       | |  1.7
Throwing       | |  0.8
Armour         | |  1.2
Dodging        | |  1.3
Spellcasting   | |  1.7
Translocations | |  3.6

Action                     || total
---------------------------++-------
  Melee: Mace              ||   135
         Tailslap          ||    15
         Punch             ||     1
 Armour: Leather armour    ||    35
         Scale mail        ||    77
  Dodge: Dodged            ||    60
